 Dungeon Sprint DCSS version 0.27.1-34-g3ba077fa99 (webtiles) character file.

Game seed: 8742265901219283530

2160 Karpo the Imperceptible (level 9, -4/39 HPs)
             Began as a Spriggan Enchanter on Feb 4, 2022.
             Was a Follower of Dithmenos.
             Slain by a centaur warrior (6 damage)
             ... in the Dungeon (Sprint I: "Red Sonja").
             The game lasted 00:02:05 (372 turns).

Karpo the Imperceptible (Spriggan Enchanter)         Turns: 372, Time: 00:02:06

Health: -4/39      AC:  3    Str:  4    XL:     9   Next: 10%
Magic:  5/14       EV: 17    Int: 18    God:    Dithmenos [*.....]
Gold:   533        SH:  0    Dex: 17    Spells: 4/13 levels left

rFire    . . .     SeeInvis +   a - +1 dagger
rCold    . . .     Faith    .   (shield restricted)
rNeg     . . .     Spirit   .   b - +0 robe
rPois    .         Reflect  .   (helmet restricted)
rElec    .         Harm     .   g - +0 cloak
rCorr    .         Rampage  .   (gloves unavailable)
Will     +....     NoTele   +   (boots unavailable) Stlth *+++++++++
                                (no amulet)
HPRegen  0.13/turn              (no ring)
MPRegen  0.14/turn              (no ring)

@: wreathed by umbra, very quick
A: very small, no large weapons, unfitting armour, see invisible, speed 3
a: Renounce Religion


You were in the Dungeon.
You worshipped Dithmenos.
Dithmenos was aware of your devotion.
You visited 1 branch You collected 533 gold pieces.

Inventory:

Hand Weapons
 a - a +1 dagger (weapon)
 i - a +2 short sword of distortion
Missiles
 j - 3 curare-tipped darts
Armour
 b - a +0 robe (worn)
 g - a +0 cloak (worn)
Scrolls
 h - a scroll of blinking
Potions
 c - a potion of curing
 d - a potion of heal wounds
 e - a potion of haste
 f - 3 potions of magic


   Skills:
 - Level 1.1 Short Blades
 - Level 2.6 Dodging
 + Level 26.9 Stealth
 - Level 2.6 Spellcasting
 - Level 3.6 Hexes


You had 4 spell levels left.
You knew the following spells:

 Your Spells              Type           Power      Damage    Failure   Level
a - Corona                Hex            16%        N/A       3%          1
b - Ensorcelled Hibernat  Hex/Ice        16%        N/A       12%         2
c - Confusing Touch       Hex            15%        N/A       12%         3
d - Tukima's Dance        Hex            15%        N/A       12%         3

Your spell library contained the following spells:

 Spells                   Type           Power      Damage    Failure   Level
 Dazzling Flash           Conj/Hex       16%        N/A       24%         3


Dungeon Overview and Level Annotations

Branches:
Dungeon (1/1)

Altars:
Cheibriados
Dithmenos
Elyvilon
Fedhas
Gozag
Hepliaklqana
Kikubaaqudgha
Nemelex Xobeh
Okawaru
Qazlal
Ru
Sif Muna
Trog
Uskayaw
Vehumet
Wu Jian
Yredelemnul
Zin
The Shining One

Shops:
D (


Innate Abilities, Weirdness & Mutations

You are very small and have problems with some larger weapons.
You are too small for most types of armour.
You have supernaturally acute eyesight. (SInv)
You cover ground extremely quickly. (Speed+++)


Message History

The centaur warrior unwields a +0 longbow.
The centaur warrior hits you.
* * * LOW HITPOINT WARNING * * *
The centaur warrior kicks you.
* * * LOW HITPOINT WARNING * * *
Casting: Ensorcelled Hibernation (safe; 13% risk of failure)
Confirm with . or Enter, or press ? or * to list all spells.
Aiming: Ensorcelled Hibernation (safe; 13% risk of failure)
Press: ? - help, Shift-Dir - straight line, f/p - centaur warrior
Aim: a centaur warrior, quivering arrows (purple smoke, chance to affect: 23%)
The centaur warrior looks drowsy...
The helpless centaur warrior fails to defend itself.
You skewer the centaur warrior like a kebab!!!!
You kill the centaur warrior!
Dithmenos accepts your kill.
You are shrouded in an aura of darkness!
Your Stealth skill increases to level 26!
You have reached level 9!
Your experience leads to an increase in your attributes!
Increase (S)trength, (I)ntelligence, or (D)exterity?
You feel clever.
Casting: Ensorcelled Hibernation (safe; 12% risk of failure)
Confirm with . or Enter, or press ? or * to list all spells.
Aiming: Ensorcelled Hibernation (safe; 12% risk of failure)
Press: ? - help, Shift-Dir - straight line, f - centaur warrior
Aim: a centaur warrior, wielding a +0 shortbow and quivering arrows (purple smoke, umbra, chance to affect: 23%)
The centaur warrior resists with almost no effort.
The centaur warrior unwields a +0 shortbow.
The centaur warrior closely misses you. The centaur warrior kicks you.
* * * LOW HITPOINT WARNING * * *
Casting: Ensorcelled Hibernation (safe; 12% risk of failure)
Confirm with . or Enter, or press ? or * to list all spells.
Aiming: Ensorcelled Hibernation (safe; 12% risk of failure)
Press: ? - help, Shift-Dir - straight line, f/p - centaur warrior
Aim: a centaur warrior, quivering arrows (umbra, chance to affect: 23%)
The centaur warrior resists with almost no effort.
The centaur warrior hits you.
* * * LOW HITPOINT WARNING * * *
The centaur warrior closely misses you. The centaur warrior hits you.
You die...

.#.)'..#.)'..#
.'..#.)'..#..+
.#####'#####'# ###
.####..#...#[####?$# #
.#__####..##.#§≈≈..#$$#
.#_____##'#_.+§§§.c'.y#
⌠#_.∩..†'..._#§y§§c#
##_..__##_.#+##c####
#_____###'# #.§@.#
#########.####'###
+...'...§.+ #.†.#######
##.## #+#


You could see a centaur warrior and a hornet.

Vanquished Creatures
  A centaur warrior (D)
  Sonja (D)
  A deep troll (D)
  Sigmund (D)
  A yak (D)
  An ogre (D)
  A jelly (D)
  Ijyb (D)
8 creatures vanquished.

Vanquished Creatures (others)
  A gargoyle (D)
1 creature vanquished.

Grand Total: 9 creatures vanquished

Notes
Turn   | Place    | Note
-------+----------+-------------------------------------------
     0 | D        | Karpo the Spriggan Enchanter began the quest for the Orb.
     0 | D        | Reached XP level 1. HP: 9/9 MP: 5/5
     2 | D        | Noticed Ijyb
    13 | D        | Killed Ijyb
    14 | D        | Reached skill level 10 in Stealth
    14 | D        | Reached XP level 2. HP: 7/13 MP: 6/6
    92 | D        | Killed a gargoyle
   210 | D        | Learned a level 2 spell: Ensorcelled Hibernation
   210 | D        | Noticed an ogre
   213 | D        | Killed an ogre
   214 | D        | Reached skill level 14 in Stealth
   214 | D        | Reached XP level 3. HP: 16/16 MP: 8/8
   214 | D        | Reached XP level 4. HP: 21/21 MP: 9/9
   222 | D        | Noticed Sigmund
   225 | D        | Killed Sigmund
   226 | D        | Reached skill level 17 in Stealth
   226 | D        | Reached XP level 5. HP: 24/24 MP: 10/10
   237 | D        | Found a shimmering blue altar of Sif Muna.
   238 | D        | Found an ornate altar of the Wu Jian Council.
   239 | D        | Found a radiant altar of Vehumet.
   244 | D        | Reached skill level 18 in Stealth
   244 | D        | Reached XP level 6. HP: 28/28 MP: 11/11
   270 | D        | Found Bir Wupp's Weapon Emporium.
   270 | D        | Found an ancient bone altar of Kikubaaqudgha.
   270 | D        | Found a hazy altar of Hepliaklqana.
   270 | D        | Found a hide-covered altar of Uskayaw.
   270 | D        | Found a basalt altar of Yredelemnul.
   270 | D        | Found an opulent altar of Gozag.
   270 | D        | Found a snail-covered altar of Cheibriados.
   270 | D        | Found a sacrificial altar of Ru.
   270 | D        | Found a shadowy altar of Dithmenos.
   270 | D        | Noticed a yak
   271 | D        | Found a stormy altar of Qazlal.
   271 | D        | Found a blossoming altar of Fedhas.
   271 | D        | Found a bloodstained altar of Trog.
   271 | D        | Found an iron altar of Okawaru.
   271 | D        | Found a glowing golden altar of the Shining One.
   271 | D        | Found a glowing silver altar of Zin.
   271 | D        | Found a white marble altar of Elyvilon.
   272 | D        | Killed a yak
   273 | D        | Reached skill level 20 in Stealth
   273 | D        | Found a sparkling altar of Nemelex Xobeh.
   279 | D        | Became a worshipper of Dithmenos the Shadowed
   289 | D        | Noticed Sonja
   293 | D        | Killed Sonja
   294 | D        | Reached skill level 23 in Stealth
   294 | D        | Reached XP level 7. HP: 32/32 MP: 12/12
   294 | D        | Reached XP level 8. HP: 36/36 MP: 13/13
   305 | D        | Noticed a deep troll
   309 | D        | Killed a deep troll
   310 | D        | Reached skill level 25 in Stealth
   314 | D        | Learned a level 3 spell: Confusing Touch
   318 | D        | Learned a level 3 spell: Tukima's Dance
   360 | D        | Noticed a centaur warrior
   361 | D        | Noticed a centaur warrior
   363 | D        | Noticed a hornet
   370 | D        | Killed a centaur warrior
   370 | D        | Reached * piety under Dithmenos
   371 | D        | Reached skill level 26 in Stealth
   371 | D        | Reached XP level 9. HP: 7/39 MP: 9/14
   372 | D        | Slain by a centaur warrior

Illustrated notes

Levels and vault maps discovered:
D:        dungeon_sprint_1 [red_sonja_temple_1, red_sonja_temple_small_1]

Skill      XL: |  1  2  3  4  5  6  7  8 |
---------------+-------------------------+-----
Stealth        | 10 14 17 18 23 26 | 26.9
Short Blades   | |  1.1
Dodging        | |  2.6
Spellcasting   | |  2.6
Hexes          | |  3.6

Action                   |  1- 3 |  4- 6 |  7- 9 || total
-------------------------+-------+-------+-------++-------
Melee: Dagger            |    10 |     4 |     2 ||    16
 Cast: Ensorcelled Hiber |       |       |     6 ||     6
  Use: Potion            |     1 |       |       ||     1
 Stab: Sleeping          |     1 |     4 |     2 ||     7
Dodge: Dodged            |     4 |       |     2 ||     6
